 Dungeon Crawl Stone Soup version 0.31-a0-1300-gb6740aa4e6 (webtiles) character file.

Game seed: 10140986540057453581

543 wildpjah the Slasher (level 7, -10/53 HPs)
             Began as a Demonspawn Gladiator on Dec 19, 2023.
             Was a Follower of Dithmenos.
             Killed by nerve-wracking pain
             ... invoked by Grinder
              (16 damage)
             ... on level 4 of the Dungeon.
             The game lasted 00:10:23 (2814 turns).

wildpjah the Slasher (Demonspawn Gladiator)         Turns: 2814, Time: 00:10:25

Health: -10/53     AC: 19    Str: 17    XL:     7   Next: 6%
Magic:  7/7        EV: 13    Int:  8    God:    Dithmenos [*.....]
Gold:   54         SH:  0    Dex: 14    Spells: 6/6 levels left

rFire   . . .        q - +0 falchion (protect)
rCold   . . .        (no shield)
rNeg    . . .        b - +0 leather armour
rPois   .            c - +0 helmet
rElec   .            s - scarf {harm}
rCorr   .            (no gloves)
SInv    .            n - +0 pair of boots
Will    .....        (no amulet)
Stlth   +            j - +4 ring of protection
HPRegen 0.28/turn    (no ring)
MPRegen 0.10/turn

%: harm (+30% outgoing, +20% incoming)
@: under a protective aura, wreathed by umbra
A: slimy green scales 2, ignite blood 1
a: Renounce Religion


You were on level 4 of the Dungeon.
You worshipped Dithmenos.
Dithmenos was aware of your devotion.
You visited 1 branch of the dungeon, and saw 4 of its levels.

You collected 187 gold pieces.
You spent 133 gold pieces at shops.

Inventory:

Hand Weapons
 a - a +0 long sword
 q - a +0 falchion of protection (weapon)
 F - a +0 falchion
Missiles
 e - 4 javelins
 w - 26 stones
 D - 3 poisoned darts
Armour
 b - a +0 leather armour (worn)
 c - a +0 helmet (worn)
 n - a +0 pair of boots (worn)
 s - a scarf of harm (worn)
Jewellery
 j - a +4 ring of protection (left hand)
 v - a ring of willpower
 A - a +4 ring of protection
Wands
 C - a wand of charming (9)
Scrolls
 g - 2 scrolls of teleportation {unknown}
 h - 2 scrolls of noise {unknown}
 m - 2 scrolls of immolation {unknown}
 o - a scroll of poison {unknown}
 u - a scroll of fog {unknown}
 x - a scroll of identify {unknown}
 y - 2 scrolls of blinking {unknown}
 B - a scroll of acquirement {unknown}
 E - a scroll of vulnerability {unknown}
 G - a scroll of amnesia {unknown}
Potions
 f - 2 potions of lignification {unknown}
 i - a potion of mutation {unknown}
 k - a potion of degeneration {unknown}
 l - a potion of berserk rage {unknown}
 p - 3 potions of curing {unknown}
 r - a potion of ambrosia {unknown}
 t - a potion of enlightenment {unknown}
 z - a potion of heal wounds {unknown}


   Skills:
 * Level 3.6 Fighting
 + Level 5.0 Long Blades
 + Level 2.1 Throwing
 + Level 1.9 Armour
 * Level 4.5 Dodging
 + Level 0.2 Stealth


You had 6 spell levels left.
You didn't know any spells.
Your spell library was empty.

Dungeon Overview and Level Annotations

Branches:
Dungeon (4/15)
 Temple: D:4-7

Altars:
Cheibriados
Dithmenos
Makhleb
Uskayaw

Shops:
D:1 *   D:3 ?

Annotations:
D:4 Grinder


Innate Abilities, Weirdness & Mutations

You are mostly covered in slimy green scales. (AC +3)
Your demonic aura sometimes causes spilled blood to erupt in flames.


Message History

Aim: Grinder (heavily wounded, umbra, 53% to hit)
You throw a throwing net. The throwing net barely misses Grinder.
Grinder closely misses you.
You hit Grinder but do no damage.
Your weapon exudes an aura of protection.
Grinder is heavily wounded.
Grinder hits you but does no damage.
You hit Grinder. You punch Grinder.
Grinder is severely wounded.
Grinder blinks!
Grinder blinks!
You see here a throwing net.
d - a throwing net Throw: throwing net
Press: ? - help, Q - select action, (/) - cycle Shift-Dir - straight line, f/p - Grinder
Aim: Grinder (severely wounded, umbra, 53% to hit)
You throw a throwing net. The throwing net barely misses Grinder.
Grinder says, "Tell me all your secrets, or I'll kill you."
Grinder misses you.
You closely miss Grinder.
Grinder is severely wounded.
Grinder gestures at you. You resist with significant effort.
You barely miss Grinder.
Grinder is severely wounded.
Grinder blinks!
Grinder says, "DUCK!"
You barely miss Grinder.
Grinder is severely wounded.
Grinder hits you!
* * * LOW HITPOINT WARNING * * *
You writhe in agony.
* * * LOW HITPOINT WARNING * * *
You hit Grinder.
Your weapon exudes an aura of protection.
Grinder is almost dead.
Grinder gestures at you. Pain shoots through your body!
You die...
Grinder sighs, "Dead already?
I want a refund."

............)............
###############'##.........##'###
.............#(..#.........#.....
.............#...#.........'.....
.............#...#.........#.....
##..####..####.###.........##+###
##..####..####.##########........
..........#.........((..#..))....
..........#.....@5......#..))....
..........#.......(.....#........
###.##'##################........
..#.##..####...####.....######...
..#......................#...#...
..#......................#...#...
..#.........)............'...#...
..#......................#...#...
..#......................#...#...


You could see Grinder.

Vanquished Creatures
  Sigmund (D:2)
  A black bear (D:4)
  An orc priest (D:4)
  2 iguanas (D:4)
  2 orc wizards (D:4)
  7 adders
  2 worms
  A dart slug (D:1)
  10 orcs
  6 endoplasms
  4 giant cockroaches
  4 goblins
  6 hobgoblins
  8 jackals
  7 kobolds
  3 quokkas
  3 ball pythons
  6 bats
  2 frilled lizards (D:1)
  2 rats
78 creatures vanquished.

Notes
Turn   | Place    | Note
-------+----------+-------------------------------------------
     0 | D:1      | wildpjah the Demonspawn Gladiator began the quest for the
                  | Orb.
     0 | D:1      | Reached XP level 1. HP: 16/16 MP: 1/1
   219 | D:1      | Gained mutation: Your demonic aura sometimes causes spilled
                  | blood to erupt in flames. [demonic ancestry]
   219 | D:1      | Reached XP level 2. HP: 19/22 MP: 2/2
   256 | D:1      | Reached skill level 3 in Long Blades
   417 | D:1      | Found Waw Fulifywi's Assorted Antiques.
   830 | D:2      | Noticed Sigmund
   837 | D:2      | Killed Sigmund
   838 | D:2      | Reached skill level 4 in Long Blades
   838 | D:2      | Reached skill level 1 in Armour
   838 | D:2      | Gained mutation: You are partially covered in slimy green
                  | scales. (AC +2) [demonic ancestry]
   838 | D:2      | Reached XP level 3. HP: 28/28 MP: 3/3
   838 | D:2      | Reached XP level 4. HP: 34/34 MP: 4/4
   838 | D:2      | Reached XP level 5. HP: 40/40 MP: 5/5
  1549 | D:3      | Found a shadowy altar of Dithmenos.
  1579 | D:3      | Found a hide-covered altar of Uskayaw.
  1601 | D:3      | Became a worshipper of Dithmenos the Shadowed
  1661 | D:3      | Found Pahimp's Magic Scroll Emporium.
  1712 | D:3      | Gained mutation: You are mostly covered in slimy green
                  | scales. (AC +3) [demonic ancestry]
  1712 | D:3      | Reached XP level 6. HP: 47/47 MP: 6/6
  1715 | D:3      | Found a burning altar of Makhleb.
  1715 | D:3      | Found a snail-covered altar of Cheibriados.
  2237 | D:3      | Bought a scroll of brand weapon for 133 gold pieces
  2455 | D:4      | Reached * piety under Dithmenos
  2657 | D:4      | Reached skill level 5 in Long Blades
  2657 | D:4      | Reached XP level 7. HP: 52/52 MP: 7/7
  2745 | D:4      | Noticed Grinder
  2814 | D:4      | Killed from afar by Grinder

Illustrated notes

Levels and vault maps discovered:
D:1:      evilmike_arrival_crescent, layout_basic, serial_shops, shop
D:2:      layout_basic, grunt_decor_fettered, uniq_sigmund
D:3:      layout_loops_ring, mainiacjoe_overflow_cross_hatched,
          grunt_dithmenos_smoke_and_mirrors, mainiacjoe_overflow_catch_the_wave,
          serial_shops, nicolae_shop_tiny_glass, dreamdust_wishing_well
D:4:      layout_gridville, elyvilon_altar_4, uniq_grinder, uniq_eustachio

Skill      XL: |  1  2  3  4  5  6 |
---------------+-------------------+-----
Long Blades    | 4 5 |  5.0
Dodging        | 3 4 |  4.5
Throwing       | 2 |  2.1
Armour         | 1 |  1.9
Fighting       | 3 |  3.6
Stealth        | |  0.2

Action                     |  1- 3 |  4- 6 |  7- 9 || total
---------------------------+-------+-------+-------++-------
  Melee: Long sword        |    57 |    19 |       ||    76
         Punch             |     1 |     3 |     2 ||     6
         Falchion          |       |   220 |    31 ||   251
  Throw: Javelin           |     1 |     3 |     2 ||     6
         Stone             |       |    11 |       ||    11
         Throwing net      |       |       |     5 ||     5
  Evoke: Wand              |       |       |     1 ||     1
    Use: Scroll            |       |     1 |       ||     1
 Armour: Leather armour    |    29 |   172 |    21 ||   222
  Dodge: Dodged            |    35 |   183 |     4 ||   222

Table legend: (Time is in decaauts)
 A = Elapsed time spent in this place.
 B = Non-inter-level travel time spent in this place.
 C = Inter-level travel time spent in this place.
 D = Time resting spent in this place.
 E = Time spent auto-exploring this place.
 F = Levels seen in this place.
 G = Mean time per level.
                   A        B        C        D        E       F      G
               +--------+--------+--------+--------+--------+-----+--------+
         Total |   2851 |   2726 |    125 |      2 |   2003 |   4 |  712.8 |
       Dungeon |   2851 |   2726 |    125 |      2 |   2003 |   4 |  712.8 |
               +--------+--------+--------+--------+--------+-----+--------+

Top non-repeatable levels by time:
     D:1: 814 daAuts
     D:3: 808 daAuts
     D:2: 656 daAuts
     D:4: 572 daAuts
